 Dungeon Crawl Stone Soup version 0.31-a0-234-gad7ace16ef (webtiles) character file.

Game seed: 16440468177168804130

488 qw the Shooter (level 6, 0/53 HPs)
             Began as a Minotaur Hexslinger on July 9, 2023.
             Slain by an iron imp (2 damage)
             ... summoned by Eustachio
             ... on level 4 of the Dungeon.
             The game lasted 00:01:23 (3018 turns).

qw the Shooter (Minotaur Hexslinger)                Turns: 3018, Time: 00:01:24

Health: 0/53       AC: 10    Str: 16    XL:     6   Next: 90%
Magic:  6/6        EV: 11    Int: 14    God:
Gold:   159        SH:  0    Dex: 15    Spells: 6/7 levels left

rFire   . . .        Y - +1 sling
rCold   . . .        (no shield)
rNeg    . . .        h - +4 ring mail of the Armadillo {Str+4 Int+4}
rPois   .            (helmet restricted)
rElec   .            (no cloak)
rCorr   .            g - +0 pair of gloves
SInv    .            (no boots)
Will    .....        (no amulet)
Stlth   +            (no ring)
HPRegen 0.28/turn    (no ring)
MPRegen 0.10/turn

%: no passive effects
@: no status effects
A: horns 2, retaliatory headbutt
a: no special abilities


You were on level 4 of the Dungeon.
You visited 1 branch of the dungeon, and saw 4 of its levels.
You also visited: Sewer.

You collected 159 gold pieces.


Innate Abilities, Weirdness & Mutations

You have a pair of horns on your head.
You reflexively headbutt those who attack you in melee.


   Skills:
 - Level 4.5 Fighting
 + Level 7.0 Ranged Weapons
 - Level 1.0 Armour
 - Level 2.1 Dodging
 - Level 1.0 Spellcasting
 - Level 2.0 Hexes


You had 6 spell levels left.
You knew the following spells:

 Your Spells              Type           Power      Damage    Failure   Level
a - Slow                  Hex            24%        N/A       22%         1

Your spell library contained the following spells:

 Spells                   Type           Power      Damage    Failure   Level
 Inner Flame              Hex/Fire       3%         N/A       69%         3
 Portal Projectile        Hex/Tloc       6%         N/A       69%         3
 Cause Fear               Hex            3%         N/A       91%         4

Inventory:

Hand Weapons
 Y - a +1 sling (weapon)
Armour
 d - a +2 ring mail of fire resistance
 g - a +0 pair of gloves (worn)
 h - the +4 ring mail of the Armadillo (worn) {Str+4 Int+4}
   (You found it on level 3 of the Dungeon)

   Str:       It affects your strength (+4).
   Int:       It affects your intelligence (+4).
Scrolls
 f - 2 scrolls of identify
 m - a scroll of noise {unknown}
Potions
 a - a potion of attraction {unknown}
 b - a potion of lignification {unknown}
 c - a potion of enlightenment {unknown}
 e - a potion of haste
 i - a potion of curing {unknown}
 j - a potion of cancellation {unknown}
 k - a potion of might {unknown}
 l - a potion of berserk rage {unknown}

Dungeon Overview and Level Annotations

Branches:
Dungeon (4/15)              Sewer (visited)
 Temple: D:4-7

Altars:
Ru
Vehumet
Xom

Annotations:
D:4 Eustachio


Message History

The ufetubus hits you but does no damage.
The ufetubus hits you. Eustachio closely misses you.
You shoot a sling bullet.
The sling bullet closely misses Eustachio.
The sling bullet hits the rat!
You kill the rat!
The rat's corpse disappears in a puff of smoke!
The quasit disappears in a puff of smoke!
The shadow imp disappears in a puff of smoke!
The ufetubus hits you.
The ufetubus hits you but does no damage.
Eustachio hits you but does no damage.
You shoot a sling bullet. The sling bullet hits Eustachio.
Eustachio is almost dead.
The ufetubus barely misses you.
The ufetubus hits you but does no damage.
The iron imp summons a swarm of flies.
The iron imp hits you.
The iron imp shouts, "Submit, thou gleeking motley-minded zombie-fodder!"
The ufetubus misses you.
The ufetubus hits you but does no damage.
Eustachio hits you but does no damage.
You shoot a sling bullet.
The sling bullet hits Eustachio but does no damage.
Eustachio is almost dead.
The ufetubus hits you but does no damage.
The ufetubus barely misses you. The iron imp barely misses you.
Eustachio hits you but does no damage. The ufetubus barely misses you. x2
You shoot a sling bullet. The sling bullet hits Eustachio.
Eustachio is almost dead.
The ufetubus hits you but does no damage. x2
Eustachio barely misses you.
The iron imp hits you but does no damage. x2
You shoot a sling bullet.
The sling bullet barely misses Eustachio.
The ufetubus closely misses you.
The ufetubus hits you but does no damage.
Eustachio hits you but does no damage. The ufetubus barely misses you.
The ufetubus misses you. The iron imp hits you.
You die...

... #...# ..# #...# #?#
#...# #.# #...# ###
#.########...###..
#.#.........<.....
#.5r..............
#.#####@#)............##
#.....5@5.#.####...##.#
#######.###.# #...##.#
#.....## #...##.#
#.##### #...##.# #.
########...##.# #.
#....)...#....## #.
#.#####....#.... #.
#.#####.####....


You could see Eustachio, 2 iron imps, a river rat (summoned) and an ufetubus
(summoned).

Vanquished Creatures
  Duvessa (D:4)
  Blork the orc (D:4)
  Dowan (D:4)
  A hound (D:3)
  Jessica (D:2)
  Terence (D:2)
  An iguana (D:4)
  3 gnolls (D:2)
  5 adders
  3 worms
  An orc (D:4)
  13 endoplasms
  7 giant cockroaches
  4 hobgoblins
  4 quokkas
  10 ball pythons
  8 bats
  6 frilled lizards
  2 goblins
  12 kobolds
  11 rats
96 creatures vanquished.

Notes
Turn   | Place    | Note
-------+----------+-------------------------------------------
     0 | D:1      | qw the Minotaur Hexslinger began the quest for the Orb.
     0 | D:1      | Reached XP level 1. HP: 16/16 MP: 1/1
     0 | D:1      | 0 ||| qw: Version: 0.3-a-51-g015441d
     0 | D:1      | 0 ||| qw: Game counter: 4305
     0 | D:1      | 0 ||| qw: Melee chars always use a shield: true
     0 | D:1      | 0 ||| qw: God list: Okawaru
     0 | D:1      | 0 ||| qw: Allow faded altars: false
     0 | D:1      | 0 ||| qw: Do Orc after clearing Dungeon:15 true
     0 | D:1      | 0 ||| qw: Do second Lair branch before Depths: true
     0 | D:1      | 0 ||| qw: Lair rune preference: random
     0 | D:1      | 0 ||| qw: Goals: Normal
     0 | D:1      | 0 ||| PLANNING D:1-11
   182 | D:1      | Reached skill level 3 in Ranged Weapons
   182 | D:1      | Reached XP level 2. HP: 23/23 MP: 2/2
   575 | D:1      | 575 ||| READING scroll labelled ZAUTRORA ECEIWIUNK.
   580 | D:1      | 580 ||| DROPPING scroll of poison.
   606 | D:2      | Reached XP level 3. HP: 17/29 MP: 3/3
   668 | D:2      | Reached skill level 4 in Ranged Weapons
   734 | D:2      | Noticed Jessica
   741 | D:2      | Killed Jessica
   742 | D:2      | Reached XP level 4. HP: 17/36 MP: 4/4
  1311 | D:2      | Reached skill level 5 in Ranged Weapons
  1555 | D:2      | Noticed Terence
  1565 | D:2      | Killed Terence
  1566 | D:2      | Reached skill level 3 in Fighting
  1566 | D:2      | Reached XP level 5. HP: 25/45 MP: 5/5
  1740 | D:2      | 1740 ||| UPGRADING to +0 ring mail.
  1750 | D:2      | 1750 ||| DROPPING +0 robe.
  1751 | D:2      | 1751 ||| DRINKING 2 sedimented brown potions.
  1752 | D:2      | 1752 ||| DROPPING potion of brilliance.
  1802 | D:3      | Found a shimmering altar of Xom.
  1803 | D:3      | 1803 ||| PLANNING SEWER
  1836 | D:3      | Reached skill level 1 in Armour
  2069 | D:3      | Identified the +4 ring mail of the Armadillo {Str+4 Int+4}
  2074 | D:3      | Found a glowing drain.
  2083 | D:3      | 2083 ||| UPGRADING to +0 pair of gloves.
  2088 | D:3      | 2088 ||| UPGRADING to +4 ring mail of the Armadillo {Str+4
                  | Int+4}.
  2098 | D:3      | 2098 ||| DROPPING +0 ring mail.
  2099 | D:3      | 2099 ||| READING 2 scrolls labelled TOSAXI GUGUGH.
  2100 | D:3      | 2100 ||| DRINKING 2 green potions.
  2101 | D:3      | 2101 ||| DROPPING potion of magic.
  2109 | D:3      | 2109 ||| Stepping ~*~*~tactically~*~*~ (water).
  2121 | Sewer    | Entered a sewer
  2213 | Sewer    | 2213 ||| Stepping ~*~*~tactically~*~*~ (water).
  2257 | Sewer    | 2257 ||| Stepping ~*~*~tactically~*~*~ (water).
  2277 | Sewer    | 2277 ||| Stepping ~*~*~tactically~*~*~ (water).
  2279 | Sewer    | 2279 ||| Stepping ~*~*~tactically~*~*~ (water).
  2320 | Sewer    | 2320 ||| Stepping ~*~*~tactically~*~*~ (water).
  2354 | Sewer    | 2354 ||| Stepping ~*~*~tactically~*~*~ (water).
  2357 | Sewer    | 2357 ||| Stepping ~*~*~tactically~*~*~ (water).
  2364 | Sewer    | Reached skill level 6 in Ranged Weapons
  2371 | Sewer    | 2371 ||| READING scroll labelled WOIBEF OMOY.
  2372 | Sewer    | 2372 ||| READING scroll labelled YSOJEL SEIHE.
  2373 | Sewer    | 2373 ||| READING scroll labelled WORU LE LIN.
  2374 | Sewer    | 2374 ||| DRINKING 2 smoky dark potions.
  2386 | D:3      | 2386 ||| PLANNING D:1-11
  2541 | D:3      | Found a radiant altar of Vehumet.
  2601 | D:4      | Found a sacrificial altar of Ru.
  2606 | D:4      | Noticed Duvessa
  2622 | D:4      | Killed Duvessa
  2623 | D:4      | Reached XP level 6. HP: 27/53 MP: 6/6
  2623 | D:4      | Noticed Dowan
  2639 | D:4      | HP: 8/53 [Dowan/shard of ice (14)]
  2640 | D:4      | HP: 3/53 [Dowan/+0 dagger (1)]
  2646 | D:4      | Killed Dowan
  2855 | D:4      | Noticed Blork the orc
  2870 | D:4      | Killed Blork the orc
  2990 | D:4      | Noticed Eustachio
  3003 | D:4      | Reached skill level 7 in Ranged Weapons
  3012 | D:4      | HP: 8/53 [Eustachio/+0 rapier (6)]
  3014 | D:4      | HP: 3/53 [ufetubus[Eustachio] (4)]
  3015 | D:4      | HP: 1/53 [iron imp[Eustachio] (2)]
  3018 | D:4      | Slain by an iron imp

Levels and vault maps discovered:
D:1:      amcnicky_arrival_flooded_fountain, layout_loops_cross,
          minmay_tromino_v7
D:2:      layout_loops_ring, serial_aquarium, aquarium_bridge_long_joined
          [aquarium_subvault_bridge, aquarium_subvault_bridge,
          aquarium_subvault_window, aquarium_subvault_wall,
          aquarium_subvault_bridge, aquarium_subvault_window],
          aquarium_window_fake, aquarium_window_corridor_1, aquarium_view_4,
          aquarium_balcony_3a, nicolae_concentric_dashed_squares_wild,
          uniq_jessica, uniq_terence
D:3:      layout_rooms, lemuel_crystal_altar, nicolae_vehumet_altar_sigil,
          portal_sewer_entry_f
D:4:      layout_loops_cross, mainiacjoe_overflow_cross_hatched, uniq_duvessa,
          uniq_blork_the_orc, uniq_pikel, uniq_eustachio

Skill      XL: |  1  2  3  4  5  6 |
---------------+-------------------+-----
Ranged Weapons | 3 4 5 6 7 |  7.0
Fighting       | 2 3 4 |  4.5
Armour         | 1 |  1.0
Dodging        | |  2.1
Spellcasting   | |  1.0
Hexes          | |  2.0

Action                     |  1- 3 |  4- 6 || total
---------------------------+-------+-------++-------
   Fire: Sling             |    79 |   268 ||   347
    Use: Scroll            |     1 |     4 ||     5
         Potion            |       |     3 ||     3
 Armour: Robe              |     4 |     4 ||     8
         Ring mail         |       |    70 ||    70
  Dodge: Dodged            |    18 |   116 ||   134

Table legend:
 A = Non-vault XP
 B = Vault XP
 C = Vault XP percentage of total XP
 D = Non-vault monster count
 E = Vault monster count
 F = Vault count percentage of total count
                 A         B        C        D         E       F
            +---------+---------+-------+---------+---------+-------
      Total |     249 |     449 |  64.3 |      65 |      31 |  32.3
            +---------+---------+-------+---------+---------+-------
        D:1 |      29 |       3 |   9.4 |      20 |       2 |   9.1
        D:2 |      99 |      73 |  42.4 |      24 |       2 |   7.7
        D:3 |      78 |      10 |  11.4 |      16 |       5 |  23.8
        D:4 |      43 |     305 |  87.6 |       5 |       3 |  37.5
      Sewer |       0 |      58 | 100.0 |       0 |      19 | 100.0
            +---------+---------+-------+---------+---------+-------
